 Dungeon Crawl Stone Soup version 0.28.0-1-gb440e238dd (webtiles) character file.

Game seed: 386533494554324671

2 kittymaster the Vexing (level 1, -2/7 HPs)
             Began as a Felid Enchanter on Feb 22, 2022.
             Frozen to death by an endoplasm (5 damage)
             ... on level 1 of the Dungeon.
             The game lasted 00:00:38 (47 turns).

kittymaster the Vexing (Felid Enchanter)              Turns: 47, Time: 00:00:39

Health: -2/7       AC:  1    Str:  4    XL:     1   Next: 25%
Magic:  4/4        EV: 17    Int: 16    God:
Gold:   0          SH:  0    Dex: 16    Spells: 4/4 levels left
                                        Lives:  0   Deaths: 0

rFire   . . .      SeeInvis +     - Unarmed
rCold   . . .      Faith    .   (shield unavailable)
rNeg    . . .      Spirit   .   (armour unavailable)
rPois   .          Reflect  .   (helmet unavailable)
rElec   .          Harm     .   (cloak unavailable)
rCorr   .          Rampage  .   (gloves unavailable)
Will    .....                   (boots unavailable)
Stlth   +++.......              (no amulet)
HPRegen 0.02/turn               (no ring)
MPRegen 0.09/turn               (no ring)

@: quick
A: very small, claws 1, fangs 3, see invisible, speed 1, shaggy fur 1, stealthy
paws, no weapons or thrown items, no armour, multi-lived
a: no special abilities


You were on level 1 of the Dungeon.
You visited 1 branch of the dungeon, and saw 1 of its levels.

Inventory:

Jewellery
 b - an amulet of faith
Potions
 a - a potion of invisibility


   Skills:
 + Level 2.6 Dodging
 + Level 4.0 Stealth
 + Level 1.0 Unarmed Combat
 + Level 2.0 Spellcasting
 + Level 4.6 Hexes


You had 4 spell levels left.
You didn't know any spells.
Your spell library contained the following spells:

 Spells                   Type           Power      Damage    Failure   Level
 Confusing Touch          Hex            16%        N/A       10%         3
 Tukima's Dance           Hex            16%        N/A       10%         3
 Ensorcelled Hibernation  Hex/Ice        18%        N/A       12%         2
 Dazzling Flash           Conj/Hex       18%        N/A       24%         3


Dungeon Overview and Level Annotations

Branches:
Dungeon (1/15)

Altars:


Innate Abilities, Weirdness & Mutations

You have sharp claws.
You have razor-sharp teeth.
You have supernaturally acute eyesight. (SInv)
You cover ground quickly. (Speed+)
You are covered in fur. (AC +1)
Your paws help you pounce on unaware monsters.
You are incapable of wielding weapons or throwing items.
You cannot wear armour.
You gain extra lives every three experience levels.


Message History

A jackal comes into view.
A bat, 2 jackals and a giant cockroach come into view.
You pounce on the unaware helpless giant cockroach!
You claw the giant cockroach!
You kill the giant cockroach!
The bat hits you. The jackal barely misses you.
The jackal completely misses you. The jackal closely misses you.
The bat misses you.
You see here a giant cockroach corpse.
You miss the bat.
The jackal barks!
You hear a shout!
The bat closely misses you. The jackal bites you.
A jackal comes into view.
A hobgoblin comes into view.
An endoplasm comes into view.
The jackal misses you. The bat hits you. The bat completely misses you.
You barely miss the jackal.
The jackal barks! x2
The endoplasm quivers.
Your bite misses the jackal. The bat misses you. The jackal bites you.
The bat completely misses you.
The jackal bites you but does no damage.
The jackal misses you.
You scratch the jackal.
The jackal is severely wounded.
The bat closely misses you. The jackal barely misses you.
The jackal closely misses you.
You scratch the jackal but do no damage.
The jackal is severely wounded.
The jackal barely misses you.
The jackal bites you but does no damage.
The bat misses you. The endoplasm barely misses you. The jackal misses you.
You scratch the jackal.
You kill the jackal!
The bat barely misses you. The jackal closely misses you.
The jackal misses you. The endoplasm freezes you.
You are frozen.
Ouch! That really hurt!
You die...

####.... .
......#.###
#...#.#....
#?.........
#.........# ..
###..h....# #..
####..bg.h.# .
#...+.....†h@J.#..
#.(.####.####.......
.##...
#.........##...
......##.#..........
.
..............######
....................
....................
...###..............
.. #..............


You could see an endoplasm, 3 jackals, a hobgoblin and a bat.

Vanquished Creatures
  A giant cockroach (D:1)
  A jackal (D:1)
  A rat (D:1)
3 creatures vanquished.

Notes
Turn   | Place    | Note
-------+----------+-------------------------------------------
     0 | D:1      | kittymaster the Felid Enchanter began the quest for the
                  | Orb.
     0 | D:1      | Reached XP level 1. HP: 7/7 MP: 4/4
    47 | D:1      | Frozen to death by an endoplasm

Illustrated notes

Levels and vault maps discovered:
D:1:      dpeg_arrival_tiny_b, layout_basic

Action                   || total
-------------------------++-------
Melee: Unarmed           ||     8
 Stab: Sleeping          ||     1
Armor: Skin              ||     2
Dodge: Dodged            ||    21
